 Dungeon Crawl Stone Soup version 0.28-a0-697-g47f3eba078 (webtiles) character file.

Game seed: 1339036888644336859

107 omnomnOMINOUS the Skirmisher (level 4, 0/30 HPs)
             Began as an Octopode Wanderer on Oct 23, 2021.
             Was a Believer of the Shining One.
             Succumbed to a kobold's poison
             ... on level 4 of the Dungeon.
             The game lasted 00:05:37 (2963 turns).

omnomnOMINOUS the Skirmisher (Octopode Wanderer)    Turns: 2963, Time: 00:05:37

Health: 0/30       AC:  1    Str: 13    XL:     4   Next: 86%
Magic:  6/6        EV: 13    Int: 13    God:    the Shining One [**....]
Gold:   80         SH:  0    Dex: 11    Spells: 1/6 levels left

rFire   . . .      SeeInvis .   b - +0 spear
rCold   . . .      Faith    .   (no shield)
rNeg    + . .      Spirit   .   (helmet restricted)
rPois   .          Reflect  .   (no amulet)
rElec   .          Harm     .   (no ring)
rCorr   .          Rampage  .   (no ring)
Will    .....                   (no ring)
Stlth   +.........              (no ring)
HPRegen 0.10/turn               (no ring)
MPRegen 0.10/turn               (no ring)
                                (no ring)
                                (no ring)

@: lethally poisoned (0 -> -4), flying, hasted, glowing, very quick
A: almost no armour, amphibious, 8 rings, camouflage 1, gelatinous body 1,
(nimble swimmer 1), tentacles
a: Renounce Religion, Divine Shield


You were on level 4 of the Dungeon.
You worshipped the Shining One.
The Shining One was pleased with you.
You visited 1 branch of the dungeon, and saw 4 of its levels.

You collected 80 gold pieces.

Inventory:

Hand Weapons
 a - a +0 shortbow
 b - a +0 spear (weapon)
Missiles
 c - 35 arrows
 g - 2 throwing nets
Armour
 f - a +0 tower shield
Wands
 j - a wand of acid (9)
 m - a wand of charming (15) (quivered)
Scrolls
 d - 3 scrolls of amnesia {unknown}
 e - 2 scrolls of identify {unknown}
 h - a scroll of immolation {unknown}
 l - a scroll of torment {unknown}


   Skills:
 + Level 2.8 Fighting
 - Level 1.0 Bows
 - Level 1.0 Throwing
 + Level 2.6 Dodging
 + Level 1.9 Spellcasting
 + Level 0.4 Conjurations
 - Level 2.0 Hexes
 - Level 2.0 Fire Magic
 + Level 0.5 Earth Magic
 + Level 0.8 Invocations
 - Level 1.1 Evocations


You had one spell level left.
You knew the following spells:

 Your Spells              Type           Power      Damage    Failure   Level
a - Passwall              Tmut/Erth      1%         N/A       34%         2
b - Stone Arrow           Conj/Erth      4%         3d7       54%         3

Your spell library contained the following spells:

 Spells                   Type           Power      Damage    Failure   Level
 Sandblast                Erth           4%         2d4       21%         1
 Ensorcelled Hibernation  Hex/Ice        6%         N/A       26%         2
 Tukima's Dance           Hex            6%         N/A       34%         3
 Wereblood                Tmut           1%         N/A       36%         2


Dungeon Overview and Level Annotations

Branches:
Dungeon (4/15)
 Temple: D:4-7

Altars:
Uskayaw
The Shining One


Innate Abilities, Weirdness & Mutations

You cannot wear most types of armour.
You are amphibious.
You can wear up to eight rings at the same time.
Your skin changes colour to match your surroundings (Stealth+).
Your rubbery body absorbs attacks. (AC +1, EV +1)
((You are camouflaged near water. (Stealth+)))
You have tentacles for arms and can constrict up to eight enemies at once.


Message History

A giant cockroach comes into view.
A dart slug comes into view.
There are monsters nearby!
You are too injured to fight recklessly!
You are too injured to fight recklessly!
Reach: b) +0 spear
Press: ? - help, Dir - move target, f - goblin
Aim: a goblin, wielding a +0 club (haloed, about 30% to evade your +0 spear)
You reach to attack!
You hit the goblin.
You kill the goblin!
The kobold throws a poisoned dart.
The poisoned dart hits you!
You are lethally poisoned!
Reach: b) +0 spear
Press: ? - help, Dir - move target, f - kobold
Aim: a kobold, wielding a +0 whip and quivering poisoned darts (haloed, about 30% to evade your +0 spear)
You reach to attack!
You hit the kobold but do no damage.
* * * LOW HITPOINT WARNING * * *
You feel very sick. The dart slug launches a dart at you.
The slug dart hits you.
* * * LOW HITPOINT WARNING * * *
Unknown command.
It was a potion of haste.
You feel yourself speed up.
* * * LOW HITPOINT WARNING * * *
You feel sick. The kobold barely misses you.
It was a potion of flight.
You feel very buoyant.
You fly up into the air.
The kobold hits you with a +0 whip. The Shining One protects you from harm!
You hit the kobold. Your grab misses the kobold.
The kobold is severely wounded.
* * * LOW HITPOINT WARNING * * *
You feel sick.
You barely miss the kobold. Your grab misses the kobold.
The kobold is severely wounded.
The Shining One protects you from harm! The kobold barely misses you.
You hit the kobold.
You kill the kobold!
You die...

###### ......
......# # .......
###### .. ....w..
#....####...
.......##....#......
.........@)........B
###....#####........
#.... #<........
##### #.....####
#....## .......
...###### ..K. .....


You could see a dart slug.

Vanquished Creatures
  4 adders
  A worm (D:3)
  3 orcs (D:3)
  5 bats
  9 endoplasms
  3 giant cockroaches
  7 goblins
  7 hobgoblins
  2 jackals (D:3)
  11 kobolds
  2 quokkas (D:1)
  3 ball pythons
  3 frilled lizards
  4 rats
64 creatures vanquished.

Vanquished Creatures (others)
  12 toadstools (D:3)
12 creatures vanquished.

Grand Total: 76 creatures vanquished

Notes
Turn   | Place    | Note
-------+----------+-------------------------------------------
     0 | D:1      | omnomnOMINOUS the Octopode Wanderer began the quest for the
                  | Orb.
     0 | D:1      | omnomnOMINOUS set off with the following items: a +0
                  | shortbow, a wand of charming (15), 31 arrows; and the
                  | following spells available to memorise: Passwall, Wereblood
     0 | D:1      | Reached XP level 1. HP: 14/14 MP: 2/2
    43 | D:1      | Reached skill level 1 in Dodging
    84 | D:1      | Reached XP level 2. HP: 19/19 MP: 3/3
   255 | D:1      | Learned a level 2 spell: Passwall
   323 | D:1      | Found a faded altar of an unknown god.
   343 | D:1      | Prayed at the altar of an unknown god.
   343 | D:1      | Became a worshipper of the Shining One
   343 | D:1      | Reached * piety under the Shining One
   584 | D:1      | Reached XP level 3. HP: 24/24 MP: 4/4
  1345 | D:2      | Learned a level 3 spell: Stone Arrow
  1621 | D:3      | Reached XP level 4. HP: 30/30 MP: 6/6
  2043 | D:3      | Found a hide-covered altar of Uskayaw.
  2922 | D:3      | Reached ** piety under the Shining One
  2960 | D:4      | The Shining One protects you from harm!
  2961 | D:4      | HP: 1/30 [poisoned by a kobold]
  2962 | D:4      | The Shining One protects you from harm!
  2963 | D:4      | Succumbed to a kobold's poison

Illustrated notes

Levels and vault maps discovered:
D:1:      psy_arrival_spokes, layout_loops_ring, basic_ecumenical_altar
D:2:      layout_basic
D:3:      cheibrodos_fertilizer, layout_basic, overflow_temple_1_default
D:4:      layout_basic, temple_doors_cd, uniq_eustachio

Skill      XL: |  1  2 |
---------------+-------+-----
Dodging        | 1 2 |  2.6
Fighting       | |  2.8
Bows           | |  1.0
Throwing       | |  1.0
Spellcasting   | |  1.9
Conjurations   | |  0.4
Hexes          | |  2.0
Fire Magic     | |  2.0
Earth Magic    | |  0.5
Invocations    | |  0.8
Evocations     | |  1.1

Action                   |  1- 3 |  4- 6 || total
-------------------------+-------+-------++-------
Melee: Spear             |       |    25 ||    25
       Whip              |       |     4 ||     4
       Unarmed           |       |     3 ||     3
       Constrict         |       |     3 ||     3
       Tentacles         |       |     2 ||     2
 Fire: Shortbow          |    96 |    38 ||   134
  Use: Potion            |       |     3 ||     3
Armor: Skin              |     1 |     4 ||     5
Dodge: Dodged            |    16 |    18 ||    34

Table legend: (Time is in decaauts)
 A = Elapsed time spent in this place.
 B = Non-inter-level travel time spent in this place.
 C = Inter-level travel time spent in this place.
 D = Time resting spent in this place.
 E = Time spent auto-exploring this place.
 F = Levels seen in this place.
 G = Mean time per level.
                   A        B        C        D        E       F      G
               +--------+--------+--------+--------+--------+-----+--------+
         Total |   2991 |   2912 |     79 |    679 |   1758 |   4 |  747.8 |
       Dungeon |   2991 |   2912 |     79 |    679 |   1758 |   4 |  747.8 |
               +--------+--------+--------+--------+--------+-----+--------+

Top non-repeatable levels by time:
     D:3: 1130 daAuts
     D:2: 980 daAuts
     D:1: 866 daAuts
     D:4: 13 daAuts
